 Dungeon Crawl Stone Soup version 0.29.1-2-gbd0b4ee654 (webtiles) character file.

Game seed: 944272449083064919

998 croobank the Insei (level 8, -1/54 HPs)
             Began as an Octopode Transmuter on Nov 19, 2022.
             Shot with an arrow by a centaur (14 damage)
             ... on level 5 of the Dungeon.
             The game lasted 00:16:29 (4520 turns).

croobank the Insei (Octopode Transmuter)            Turns: 4520, Time: 00:16:29

Health: -1/54      AC:  1    Str: 10    XL:     8   Next: 19%
Magic:  13/14      EV: 14    Int: 17    God:
Gold:   218        SH:  0    Dex: 12    Spells: 9/15 levels left

rFire   . . .      SeeInvis .   t - +1 short sword (freeze)
rCold   . . .      Faith    .   (no shield)
rNeg    . . .      Spirit   .   (helmet restricted)
rPois   .          Reflect  .   (no amulet)
rElec   .          Harm     .   (no ring)
rCorr   .          Rampage  .   (no ring)
Will    .....                   (no ring)
Stlth   ++........              (no ring)
HPRegen 0.18/turn               (no ring)
MPRegen 0.14/turn               (no ring)
                                (no ring)
                                (no ring)

@: wereblooded
A: almost no armour, amphibious, 8 rings, camouflage 1, gelatinous body 1,
(nimble swimmer 1), tentacles
a: no special abilities


You were on level 5 of the Dungeon.
You visited 1 branch of the dungeon, and saw 5 of its levels.

You collected 218 gold pieces.

Inventory:

Hand Weapons
 t - a +1 short sword of freezing (weapon)
 u - a +0 broad axe
 y - a +0 war axe
Missiles
 s - 6 boomerangs
 v - 8 poisoned darts
Armour
 x - an orb of light
Jewellery
 m - an amulet of the acrobat
Wands
 d - a wand of polymorph (8)
 r - a wand of mindburst (8)
Scrolls
 b - a scroll of brand weapon {unknown}
 f - 3 scrolls of acquirement {unknown}
 g - 2 scrolls of fog {unknown}
 h - 3 scrolls of teleportation {unknown}
 i - a scroll of enchant armour {unknown}
 k - 2 scrolls of poison {unknown}
 n - a scroll of amnesia {unknown}
 p - 3 scrolls of fear {unknown}
 q - a scroll of vulnerability {unknown}
 w - a scroll of noise {unknown}
 z - a scroll of identify
Potions
 a - a potion of lignification
 c - a potion of curing
 j - a potion of resistance
 l - a potion of flight
 o - a potion of mutation


   Skills:
 + Level 3.9 Fighting
 * Level 2.2 Axes
 + Level 4.3 Dodging
 - Level 4.3 Unarmed Combat
 + Level 4.0 Spellcasting
 + Level 4.2 Transmutations
 - Level 3.0 Poison Magic


You had 9 spell levels left.
You knew the following spells:

 Your Spells              Type           Power      Damage    Failure   Level
a - Beastly Appendage     Tmut           34%        N/A       2%          1
b - Wereblood             Tmut           17%        N/A       4%          2
c - Spider Form           Tmut/Pois      15%        N/A       11%         3

Your spell library contained the following spells:

 Spells                   Type           Power      Damage    Failure   Level
 Ice Form                 Ice/Tmut       10%        N/A       54%         4


Dungeon Overview and Level Annotations

Branches:
Dungeon (5/15)
 Temple: D:4-7

Altars:
Hepliaklqana
Okawaru
Xom

Annotations:
D:2 Sigmund
D:4 3 runed translucent doors, zeram's ghost, amateur TrFi


Innate Abilities, Weirdness & Mutations

You cannot wear most types of armour.
You are amphibious.
You can wear up to eight rings at the same time.
Your skin changes colour to match your surroundings (Stealth+).
Your rubbery body absorbs attacks. (AC +1, EV +1)
((You are camouflaged when in or above water. (Stealth+)))
You have tentacles for arms and can constrict up to eight enemies at once.


Message History

You kill the gnoll sergeant!
Your Spellcasting skill increases to level 4!
Things that are here:
a +0 spear; a +0 scale mail; a gnoll corpse You howl as the wereblood boils in your veins!
Your primal bloodlust is almost over.
You howl as the wereblood boils in your veins!
Your primal bloodlust has ended.
Found an escape hatch in the floor.
Found a stone staircase leading down.
z - a scroll of identify A scorpion and a centaur come into view.
Casting: Spider Form (dangerous; 11% risk of failure)
Confirm with . or Enter, or press ? or * to list all spells.
Your blood is infused with primal strength.
The centaur shouts!
The centaur wields a +2 shortbow of flaming.
It bursts into flame!
The centaur shoots an arrow.
The arrow hits you! The arrow burns you.
The centaur shoots an arrow.
The arrow hits you! The arrow burns you.
The centaur shoots an arrow.
The arrow hits you! The arrow burns you!
* * * LOW HITPOINT WARNING * * *
The centaur shoots an arrow.
The arrow completely misses you.
The centaur shoots an arrow.
The arrow hits you.
* * * LOW HITPOINT WARNING * * *
The arrow burns you.
* * * LOW HITPOINT WARNING * * *
Okay, then.
It was a potion of heal wounds.
You feel much better.
The centaur shoots an arrow.
The arrow hits you!
* * * LOW HITPOINT WARNING * * *
The arrow burns you.
* * * LOW HITPOINT WARNING * * *
Okay, then.
Okay, then.
Okay, then.
Unknown command.
Okay, then.
The centaur shoots an arrow.
The arrow hits you!
You die...

#.>......######
######.####..# .....#
.........##..# .....
######.#.##..#######.c..
#.#.##............ #.#
##...####.... #.#
#...### #.. #.#
#.>...###c# #.#
#.###.@##.# #.# #.
##.##.# #. #.##.# ..
#..#.# #######c#.#
#.........###
#.######....#
#.#.#..........# ####
..#...#.########.#


You could see a centaur.

Vanquished Creatures
  An ogre (D:4)
  A phantom (D:3)
  2 scorpions
  A water moccasin zombie (D:4)
  A necrophage (D:4)
  A gnoll sergeant (D:5)
  A water moccasin skeleton (D:4)
  2 hounds
  2 orc priests
  A bullfrog skeleton (D:4)
  2 orc wizards (D:4)
  2 scorpion zombies (D:4)
  2 hound zombies (D:4)
  2 hound skeletons (D:4)
  Robin (D:3)
  3 gnolls (D:5)
  4 adders
  A shadow imp (D:4)
  A white imp (D:4)
  2 adder skeletons (D:4)
  2 adder zombies (D:4)
  2 dart slugs
  8 orcs
  4 ball pythons
  4 endoplasms
  A giant cockroach (D:4)
  8 hobgoblins
  3 quokkas
  2 bats
  3 frilled lizards (D:1)
  21 goblins
  11 kobolds
  3 rats
105 creatures vanquished.

Vanquished Creatures (others)
  2 withered plants (D:4)
2 creatures vanquished.

Grand Total: 107 creatures vanquished

Notes
Turn   | Place    | Note
-------+----------+-------------------------------------------
     0 | D:1      | croobank the Octopode Transmuter began the quest for the
                  | Orb.
     0 | D:1      | Reached XP level 1. HP: 13/13 MP: 3/3
   183 | D:1      | You fall into a shaft and drop 1 floor!
   223 | D:1      | Reached XP level 2. HP: 17/18 MP: 3/5
   253 | D:1      | Learned a level 2 spell: Wereblood
  1158 | D:1      | Reached XP level 3. HP: 22/23 MP: 2/6
  1256 | D:2      | Noticed Sigmund
  1721 | D:3      | Found an iron altar of Okawaru.
  1773 | D:3      | Noticed a phantom
  1895 | D:3      | Reached XP level 4. HP: 29/29 MP: 3/7
  1899 | D:3      | Learned a level 3 spell: Spider Form
  2080 | D:3      | Noticed Robin
  2096 | D:3      | Killed Robin
  2430 | D:3      | Killed a phantom
  2431 | D:3      | Reached skill level 1 in Poison Magic
  2431 | D:3      | Reached XP level 5. HP: 18/35 MP: 6/9
  2689 | D:3      | Found a hazy altar of Hepliaklqana.
  2690 | D:3      | Found a shimmering altar of Xom.
  2691 | D:3      | Noticed a spectral ugly thing
  2809 | D:4      | Reached XP level 6. HP: 34/41 MP: 8/10
  3123 | D:4      | Found a runed translucent gate.
  3125 | D:4      | Found a runed translucent gate.
  3125 | D:4      | Found a runed translucent gate.
  3127 | D:4      | Noticed zeram's ghost (amateur TrFi)
  3160 | D:4      | Reached XP level 7. HP: 38/46 MP: 9/11
  3602 | D:4      | Reached skill level 1 in Axes
  4197 | D:5      | Entered Level 5 of the Dungeon
  4219 | D:5      | Reached XP level 8. HP: 32/54 MP: 11/13
  4520 | D:5      | Shot with an arrow by a centaur

Illustrated notes

Levels and vault maps discovered:
D:1:      dpeg_arrival_yet_another_circle, layout_loops_corners,
          minmay_misc_feat_rugged
D:2:      layout_basic, uniq_sigmund
D:3:      layout_basic, regret_index_temple_of_mockery,
          mainiacjoe_overflow_boulevard, uniq_robin
D:4:      layout_loops_ring, gammafunk_ghost_split, serial_undead,
          serial_undead_e, serial_undead_b, serial_undead_b, serial_undead_c,
          serial_undead_d, serial_undead_c
D:5:      layout_basic, kennysheep_generic_room_9

Skill      XL: |  1  2  3  4  5  6  7  8 |
---------------+-------------------------+-----
Fighting       | 2 3 |  3.9
Poison Magic   | 1 2 3 |  3.0
Dodging        | 3 4 |  4.3
Transmutations | 3 4 |  4.2
Spellcasting   | 3 4 |  4.0
Unarmed Combat | 4 |  4.3
Axes           | 1 2 |  2.2

Action                   |  1- 3 |  4- 6 |  7- 9 || total
-------------------------+-------+-------+-------++-------
Melee: Unarmed           |    62 |    80 |    17 ||   159
       Constrict         |    22 |    31 |    17 ||    70
       Kick              |    20 |    41 |    20 ||    81
       Tentacles         |    12 |    24 |    23 ||    59
       Punch             |     2 |     2 |     2 ||     6
       Short sword       |       |    35 |    67 ||   102
 Cast: Beastly Appendage |    26 |    12 |    10 ||    48
       Wereblood         |    11 |     9 |    11 ||    31
       Spider Form       |       |       |     2 ||     2
Evoke: Wand              |       |     1 |     4 ||     5
  Use: Scroll            |     4 |     2 |       ||     6
       Potion            |       |       |     4 ||     4
 Stab: Sleeping          |     4 |       |     1 ||     5
Armor: Skin              |     2 |     3 |     3 ||     8
Dodge: Dodged            |    30 |    64 |    60 ||   154
